 Dungeon Crawl Stone Soup version 0.28-b1-25-g9875b3fc8c (webtiles) character file.

Game seed: 15672527798958805890

24637 Minsecho the Frost Mage (level 12, -12/94 HPs)
             Began as a Grey Draconian Ice Elementalist on Feb 1, 2022.
             Was an Elder of Vehumet.
             Killed from afar by a raiju (21 damage)
             ... with a living lightning
             ... on level 3 of the Abyss on Feb 2, 2022.
             The game lasted 01:08:42 (18421 turns).

Minsecho the Frost Mage (DrIE)                     Turns: 18421, Time: 01:08:43

Health: -12/94     AC: 21    Str:  6 (7)  XL:     12   Next: 82%
Magic:  12/27      EV: 16    Int: 18      God:    Vehumet [****..]
Gold:   716        SH:  5    Dex: 14      Spells: 6/33 levels left

rFire   . . .      SeeInvis .   I - +4 long sword
rCold   . . .      Faith    .   (no shield)
rNeg    . . .      Spirit   .   (armour unavailable)
rPois   .          Reflect  +   M - +1 hat
rElec   .          Harm     .   t - +2 cloak {Will+}
rCorr   .          Rampage  .   (no gloves)
Will    +....                   (no boots)
Stlth   +++.......              y - amulet of reflection
HPRegen 0.25/turn               j - +4 ring of protection
MPRegen 0.20/turn               (no ring)

@: hasted, unable to read, very quick
A: AC +13, amphibious, unfitting armour, cold-blooded, screaming 1, inability to
read while threatened, [deterioration 2], [weak 2]
a: Renounce Religion


You were on level 3 of the Abyss.
You worshipped Vehumet.
Vehumet was greatly pleased with you.
You visited 2 branches of the dungeon, and saw 14 of its levels.
You visited the Abyss 1 time.
You also visited: Gauntlet.

You collected 716 gold pieces.

Inventory:

Hand Weapons
 a - a +0 short sword
 p - a +0 whip of flaming
 q - a +0 dagger of venom
 s - the +4 mace "Zaof" {pain, rC+}
   (You found it on level 4 of the Dungeon)

   In the hands of one skilled in necromantic magic, it inflicts extra damage on
   living creatures.
   rC:        It protects you from cold.
 E - a +2 dagger of chaos
 I - a +4 long sword (weapon)
 S - the +6 shillelagh "Devastator" {shatter}
   (You found it on level 11 of the Dungeon)

   It releases a powerful concussive burst when it strikes, dealing extra damage
   to the target and all other foes adjacent to them.
Missiles
 g - a throwing net
Armour
 d - a scarf of invisibility
 t - a +2 cloak of willpower (worn)
 M - a +1 hat (worn)
Jewellery
 f - a ring of fire
 j - a +4 ring of protection (left hand)
 l - a ring of ice
 y - an amulet of reflection (around neck)
 J - a ring of poison resistance
 L - an amulet of faith
Wands
 h - a wand of digging (2)
 F - a wand of iceblast (11)
 H - a wand of paralysis (7)
 N - a wand of acid (4)
 P - a wand of mindburst (9)
 T - a wand of flame (9)
Scrolls
 b - 4 scrolls of enchant weapon
 c - a scroll of vulnerability {unknown}
 e - 2 scrolls of fear
 i - a scroll of amnesia
 k - a scroll of brand weapon {unknown}
 m - 2 scrolls of immolation
 o - a scroll of magic mapping {unknown}
 r - a scroll of holy word {unknown}
 v - 4 scrolls of teleportation
 B - 2 scrolls of noise {unknown}
 C - a scroll of silence {unknown}
 Q - a scroll of enchant armour {unknown}
 R - a scroll of blinking {unknown}
 V - a scroll of acquirement {unknown}
Potions
 u - a potion of flight
 w - a potion of attraction
 z - a potion of resistance
 D - 2 potions of haste
 G - 3 potions of might
 K - a potion of mutation {unknown}
 O - a potion of lignification {unknown}


   Skills:
 + Level 5.3 Fighting
 + Level 5.7(6.7) Short Blades
 + Level 5.4(6.6) Long Blades
 + Level 8.3 Dodging
 + Level 4.8 Stealth
 + Level 3.6 Shields
 + Level 11.1 Spellcasting
 + Level 3.9 Conjurations
 + Level 0.3 Fire Magic
 + Level 11.4 Ice Magic
 + Level 3.0 Earth Magic
 + Level 1.2 Poison Magic


You had 6 spell levels left.
You knew the following spells:

 Your Spells              Type           Power      Damage    Failure   Level
a - Freeze                Ice            100%       1d11      1%          1
b - Frozen Ramparts       Ice            100%       1d12      1%          3
c - Ozocubu's Armour      Ice            50%        N/A       1%          3
d - Foxfire               Conj/Fire      68%        2x1d7     1%          1
e - Hailstorm             Conj/Ice       37%        3d9       1%          4
f - Conjure Flame         Conj/Fire      17%        6-21      2%          3
g - Stone Arrow           Conj/Erth      44%        3d9       1%          3
h - Mephitic Cloud        Conj/Pois/Air  16%        N/A       3%          3
i - Starburst             Conj/Fire      8%         6d4       71%         6

Your spell library contained the following spells:

 Spells                   Type           Power      Damage    Failure   Level
 Magic Dart               Conj           96%        1d7       1%          1
 Inner Flame              Hex/Fire       10%        N/A       5%          3
 Animate Skeleton         Necr           20%        N/A       7%          1
 Apportation              Tloc           20%        N/A       7%          1
 Summon Small Mammal      Summ           40%        N/A       7%          1
 Flame Wave               Conj/Fire      17%        2d6       9%          4
 Call Imp                 Summ           10%        N/A       11%         2
 Borgnjor's Vile Clutch   Necr/Erth      7%         N/A       71%         5
 Alistair's Intoxication  Tmut/Pois      8%         N/A       83%         5
 Eringya's Noxious Bog    Tmut/Pois      6%         N/A       87%         6
 Lehudib's Crystal Spear  Conj/Erth      11%        10d4      100%        8
 Animate Armour           Summ/Erth      Unusable   N/A       N/A         4

Dungeon Overview and Level Annotations

Branches:
Dungeon (12/15)            Temple (0/1) D:6            Lair (2/6) D:8
Gauntlet (visited)
  Swamp: Lair:2-4    Shoals: Lair:2-4     Snake: Lair:2-4    Spider: Lair:2-4
    Orc: D:9-12

Altars:
Ashenzari
Cheibriados
Dithmenos
Makhleb
Qazlal
Trog
Uskayaw
Vehumet
Wu Jian
Yredelemnul
Zin

Portals:
Trove: D:11 (give 17 scrolls of teleportation)

Annotations:
Gauntlet 11 transporters


Innate Abilities, Weirdness & Mutations

Your dull iron-grey scales are very hard. (AC +13)
You are amphibious.
You cannot fit into any form of body armour.
You are cold-blooded and may be slowed by cold attacks.
You occasionally shout uncontrollably at your foes.
You sometimes lose the ability to read scrolls when taking damage.
[Your body often deteriorates upon taking damage.]
[You are very weak. (Str -4)]


Message History

The raiju bursts into living lightning!
The living lightning misses you.
The living lightning hits the raiju.
The raiju completely resists.
The raiju blinks! x2
You cannot read scrolls in your current state!
You feel better. The fire bat misses you. The raiju closely misses you. x2
The raiju bursts into living lightning!
The living lightning hits you.
* * * LOW HITPOINT WARNING * * *
The living lightning hits the raiju.
The raiju completely resists.
The raiju blinks! x2
You feel better.
You block the fire bat's attack. x2; The raiju misses you.
You block the raiju's attack. The raiju closely misses you.
You feel yourself speed up. You block the fire bat's attack.
The fire bat bites you but does no damage.
The raiju barely misses you.
The raiju bursts into living lightning!
The living lightning hits you.
* * * LOW HITPOINT WARNING * * *
The raiju blinks!
The raiju bites you but does no damage.
The fire bat bites you but does no damage.
The fire bat misses you. The raiju bites you.
* * * LOW HITPOINT WARNING * * *
The raiju shocks you!
* * * LOW HITPOINT WARNING * * *
You yell at the bone dragon!
A bone dragon comes into view.
You yell at the bone dragon!
You hear a bark!
You hear a bellow!
You hear a shout!
You hear an angry growl.
The fire bat bites you but does no damage.
A spatial vortex comes into view.
A spatial vortex comes into view.
A spatial vortex comes into view.
You cannot read scrolls in your current state!
Okay, then.
Unknown command.
The fire bat bites you but does no damage.
The fire bat bites you but does no damage.
The raiju bursts into living lightning!
The living lightning hits you!!
You die...

#. .# .#..b### ..
.#h#.## #
###v##.#.#.####
.......#......#
.#v...h#....##.#.
# ..
.#h##........# .
.. #.h.#.ยง. ###.
. . #.b#.###.#
#@.h.x# ..#
##..##..##..
.....##. ..#
.#.#...# .. #
....#.....
....#.## #. ..# #
##


You could see 4 raiju, a small abomination and a fire bat.

Vanquished Creatures
  A vault guard (D:11)
  A boulder beetle (D:11)
  A hydra (Lair:1)
  2 two-headed ogres
  A deep elf knight (D:12)
  A sixfirhy (Abyss:3)
  A wretched star (Abyss:3)
  A glowing orange brain (Abyss:3)
  A wizard (Gauntlet)
  Pikel (D:3)
  Joseph (D:8)
  5 cane toads
  3 unseen horrors
  5 kobold demonologists
  A demonic crawler (Abyss:3)
  4 komodo dragons
  Psyche (D:8)
  A troll (D:11)
  2 polar bears
  Prince Ribbit (D:8)
  7 blink frogs
  A centaur simulacrum (D:12)
  39 yaks
  2 wyverns
  A steam dragon (D:10)
  Grum (D:8)
  4 basilisks
  2 neqoxecs (Abyss:3)
  Edmund (D:4)
  A large abomination (Abyss:3)
  An acid dragon (D:8)
  9 water moccasins
  A hornet zombie (D:5)
  2 orc warriors (D:9)
  A sky beast (D:7)
  2 black bears
  An ice beast (D:6)
  3 necrophages
  8 wolves
  4 centaurs
  11 kobold brigands
  4 bullfrogs
  3 wyvern zombies (D:5)
  2 scorpions
  A wyvern skeleton (D:5)
  13 killer bees
  3 wights (D:9)
  4 howler monkeys
  5 centaur zombies
  2 jellies
  5 bullfrog zombies (D:5)
  A gnoll shaman (D:7)
  3 orc priests
  Crazy Yiuf (D:4)
  3 centaur skeletons
  4 iguanas
  A bullfrog skeleton (D:5)
  Natasha (D:2)
  A scorpion zombie (D:5)
  8 orc wizards
  Terence (D:3)
  A hound zombie (D:5)
  A howler monkey zombie (D:10)
  4 adders
  5 gnolls (D:7)
  A howler monkey skeleton (D:5)
  A shadow imp (Gauntlet)
  4 white imps
  3 ufetubi
  2 worms (D:4)
  2 dart slugs (D:1)
  19 orcs
  4 bats
  6 endoplasms
  8 giant cockroaches
  8 goblins
  5 hobgoblins
  7 jackals
  30 kobolds
  3 quokkas
  8 ball pythons
  2 frilled lizards (D:1)
  10 rats
337 creatures vanquished.

Vanquished Creatures (others)
  A large abomination (Abyss:3)
  A kobold brigand (D:8)
  50 foxfires
  11 fungi
  A lurking horror (Abyss:3)
  44 plants
  3 withered plants (D:5)
111 creatures vanquished.

Grand Total: 448 creatures vanquished

Notes
Turn   | Place    | Note
-------+----------+-------------------------------------------
     0 | D:1      | Minsecho the Draconian Ice Elementalist began the quest for
                  | the Orb.
     0 | D:1      | Reached XP level 1. HP: 14/14 MP: 3/3
   278 | D:1      | Reached XP level 2. HP: 15/20 MP: 3/5
  1064 | D:1      | Found a faded altar of an unknown god.
  1069 | D:1      | Reached XP level 3. HP: 21/26 MP: 6/6
  1783 | D:2      | Noticed Natasha
  1788 | D:2      | Killed Natasha
  1789 | D:2      | Reached XP level 4. HP: 24/34 MP: 2/7
  1977 | D:2      | Reached skill level 1 in Short Blades
  3177 | D:3      | Found a bloodstained altar of Trog.
  3177 | D:3      | Noticed Terence
  3182 | D:3      | Killed Terence
  3183 | D:3      | Reached skill level 5 in Ice Magic
  3186 | D:3      | Reached XP level 5. HP: 30/39 MP: 1/9
  3256 | D:3      | Learned a level 3 spell: Frozen Ramparts
  3260 | D:3      | Learned a level 3 spell: Ozocubu's Armour
  3644 | D:3      | Found a glowing silver altar of Zin.
  3686 | D:3      | Found a radiant altar of Vehumet.
  3704 | D:3      | Became a worshipper of Vehumet
  3769 | D:4      | Noticed Pikel
  3779 | D:4      | Identified the +0 ring mail of Rosonug {Rampage}
  3783 | D:4      | Noticed a lemure
  3784 | D:4      | Noticed a lemure
  3784 | D:4      | Noticed a lemure
  3784 | D:4      | Noticed a lemure
  3837 | D:3      | Killed Pikel
  3838 | D:3      | Reached skill level 1 in Fighting
  3838 | D:3      | Reached XP level 6. HP: 5/47 MP: 0/12
  3838 | D:3      | Your scales start taking on a dull iron-grey colour.
  3838 | D:3      | Reached XP level 7. HP: 5/52 MP: 0/13
  4345 | D:4      | Found a shadowy altar of Dithmenos.
  4408 | D:4      | Found a basalt altar of Yredelemnul.
  4777 | D:4      | Found a burning altar of Makhleb.
  4777 | D:4      | Noticed a balrug
  4780 | D:4      | Noticed a ynoxinul
  4780 | D:4      | Noticed a hellwing
  4841 | D:4      | Found a runed translucent door.
  4842 | D:4      | Noticed Crazy Yiuf
  4850 | D:4      | Killed Crazy Yiuf
  4851 | D:4      | Reached skill level 5 in Spellcasting
  4851 | D:4      | Identified the +4 mace "Zaof" {pain, rC+}
  4897 | D:4      | Noticed Edmund
  4914 | D:4      | Killed Edmund
  4915 | D:4      | Reached XP level 8. HP: 31/61 MP: 7/15
  5092 | D:5      | Entered Level 5 of the Dungeon
  5862 | D:4      | HP: 2/61 [something (9)]
  6576 | D:4      | Learned a level 1 spell: Foxfire
  6823 | D:4      | Learned a level 4 spell: Hailstorm
  6849 | D:5      | Reached skill level 1 in Conjurations
  7265 | D:5      | Reached * piety under Vehumet
  7265 | D:5      | Offered knowledge of Sandblast by Vehumet.
  8908 | D:5      | Reached XP level 9. HP: 56/68 MP: 7/18
  8918 | D:5      | Reached skill level 5 in Dodging
  9119 | D:5      | Found a stormy altar of Qazlal.
  9188 | D:6      | Found a staircase to the Ecumenical Temple.
 10306 | D:7      | Reached ** piety under Vehumet
 10306 | D:7      | Offered knowledge of Poisonous Vapours by Vehumet.
 10355 | D:7      | Reached XP level 10. HP: 52/78 MP: 17/20
 10861 | D:7      | Found an ornate altar of the Wu Jian Council.
 10874 | D:7      | Reached skill level 5 in Short Blades
 10999 | D:7      | Found a hide-covered altar of Uskayaw.
 11016 | D:7      | Learned a level 3 spell: Stone Arrow
 11020 | D:7      | Learned a level 3 spell: Conjure Flame
 11517 | D:8      | Offered knowledge of Ignite Poison by Vehumet.
 11522 | D:8      | Noticed Psyche
 11539 | D:8      | Killed Psyche
 11668 | D:8      | Found a staircase to the Lair.
 11698 | D:8      | Reached *** piety under Vehumet
 11753 | D:8      | Noticed Grum
 11755 | D:8      | Noticed Joseph
 11760 | D:8      | Killed Grum
 11761 | D:8      | Reached skill level 1 in Earth Magic
 11780 | D:8      | Killed Joseph
 11955 | D:8      | Noticed a two-headed ogre
 11963 | D:8      | Reached XP level 11. HP: 74/84 MP: 23/23
 11971 | D:8      | Killed a two-headed ogre
 11972 | D:8      | Reached skill level 10 in Ice Magic
 12218 | D:8      | Noticed Prince Ribbit
 12227 | D:8      | Offered knowledge of Mephitic Cloud by Vehumet.
 12252 | D:8      | Killed Prince Ribbit
 12812 | D:9      | Found a broken altar of Ashenzari.
 12930 | D:9      | Learned a level 3 spell: Mephitic Cloud
 13200 | D:9      | Reached skill level 1 in Shields
 13319 | D:9      | Noticed a sixfirhy
 13429 | D:9      | Reached skill level 1 in Long Blades
 13573 | D:9      | Reached **** piety under Vehumet
 13692 | D:10     | Entered Level 10 of the Dungeon
 14636 | D:10     | Found a snail-covered altar of Cheibriados.
 14781 | D:11     | Noticed a two-headed ogre
 14789 | D:11     | Killed a two-headed ogre
 14789 | D:11     | Offered knowledge of Dazzling Flash by Vehumet.
 15106 | D:11     | Reached skill level 1 in Poison Magic
 15709 | D:11     | Noticed a boulder beetle
 15718 | D:11     | Killed a boulder beetle
 15719 | D:11     | Reached XP level 12. HP: 93/93 MP: 14/25
 15826 | D:11     | Found the +6 shillelagh "Devastator" {shatter}
 15946 | D:11     | Noticed a vault guard
 15953 | D:11     | Killed a vault guard
 15954 | D:11     | Reached skill level 5 in Fighting
 15954 | D:11     | Reached skill level 10 in Spellcasting
 15958 | D:11     | Found a portal to a secret trove of treasure.
 16188 | D:12     | Noticed a white very ugly thing
 16296 | Lair:1   | Entered Level 1 of the Lair of Beasts
 16662 | Lair:1   | Noticed a six-headed hydra
 16681 | Lair:1   | Killed a six-headed hydra
 17285 | Lair:2   | Reached ***** piety under Vehumet
 17285 | Lair:2   | Offered knowledge of Starburst by Vehumet.
 17458 | Lair:2   | Reached skill level 5 in Long Blades
 17465 | Lair:2   | Learned a level 6 spell: Starburst
 17521 | Lair:2   | Found a gate leading to a gauntlet.
 17554 | Gauntlet | Entered a Gauntlet
 17554 | Gauntlet | Found a transporter.
 17674 | Gauntlet | Found a transporter.
 17712 | Gauntlet | Noticed a quicksilver ooze
 17750 | Gauntlet | Found a transporter.
 17764 | Gauntlet | Found a transporter.
 17775 | Gauntlet | Found a transporter.
 17796 | Gauntlet | Found a transporter.
 17816 | Gauntlet | Found a transporter.
 17837 | Gauntlet | Found a transporter.
 17841 | Gauntlet | Found a transporter.
 17850 | Gauntlet | Found a transporter.
 17871 | Gauntlet | Found a transporter.
 17875 | Gauntlet | Found a transporter.
 17999 | Gauntlet | Cast into level 3 of the Abyss (a wizard)
 17999 | Abyss:3  | Found a corrupted altar of Lugonu.
 18019 | Abyss:3  | Found a corrupted altar of Lugonu.
 18048 | Abyss:3  | Noticed a starcursed mass
 18132 | Abyss:3  | Gained mutation: You occasionally shout uncontrollably at
                  | your foes. [a neqoxec]
 18133 | Abyss:3  | Gained mutation: You sometimes lose the ability to read
                  | scrolls when taking damage. [a neqoxec]
 18139 | Abyss:3  | Noticed a profane servitor
 18416 | Abyss:3  | Noticed a bone dragon
 18421 | Abyss:3  | Killed from afar by a raiju

Illustrated notes

Levels and vault maps discovered:
D:1:      lightli_arrival_statuegarden, layout_rooms,
          shapermc_ecumenical_altar_venn, grunt_decor_one_mirror,
          kennysheep_pointless_box
D:2:      layout_basic, uniq_natasha
D:3:      layout_rooms, zin_statuary, mainiacjoe_overflow_24_doors,
          mainiacjoe_overflow_small_starburst, uniq_terence
D:4:      layout_basic, makhleb_altar_promises_db, jmf_multi_god_temple,
          minmay_crystal_water, dk_noncrumbling_4, uniq_edmund,
          uniq_crazy_yiuf_cottage, uniq_pikel
D:5:      layout_rooms, old_standard_altar, serial_undead, serial_undead_c,
          serial_undead_d, serial_undead_d, serial_undead_b, serial_undead_b,
          serial_undead_f, serial_undead_c, serial_undead_a, grunt_ministairs_1
D:6:      layout_gridville, minmay_temple_entry_ruins
D:7:      layout_loops_ring, mainiacjoe_overflow_concentric_impassable,
          lemuel_round_altar
D:8:      layout_rooms, minmay_lair_entry_grove, uniq_prince_ribbit1,
          uniq_psyche, uniq_grum, uniq_joseph
D:9:      layout_gridville, nicolae_ashenzari_panopticon, hangedman_decor_lopped
D:10:     layout_irregular_city, overflow_temple_1_default
D:11:     layout_basic, enter_trove_5
D:12:     layout_cave_pools, erik_orc_2, serial_shops,
          nicolae_shop_window_shopping, kennysheep_mini_moat,
          nicolae_shop_bloodbath_and_beyond, nicolae_lakefront_shop,
          kennysheep_mini, serial_column_ruins, column_ruins_square_medium,
          column_ruins_open_small, column_ruins_corridor_dead_end,
          column_ruins_columns_straight, column_ruins_open_medium,
          column_ruins_grid_3, column_ruins_open_small_water,
          column_ruins_open_large, minmay_diamond_spiral
Lair:1:   layout_cave_shapes, grunt_megastairs_1
Lair:2:   layout_gridlike, gauntlet_entry_generic, lemuel_centaur_altar,
          grunt_megastairs_5
Abyss:3:  base: D:1, gammafunk_abyss_exit_x_factor, evilmike_abyss_exit_vortex,
          evilmike_abyss_exit_17, lemuel_flamethrower_hall
Gauntlet: minmay_gauntlet_mixed_oops_all_seconds
          [minmay_gauntlet_arena_77_chump_sandwich,
          nicolae_gauntlet_arena_quarters,
          minmay_gauntlet_arena_77_double_cross,
          nicolae_gauntlet_arena_flowing_pool,
          minmay_gauntlet_arena_77_p_blocks, gammafunk_gauntlet_arena_hedges,
          gauntlet_exit_hidden_loot]

Skill      XL: |  1  2  3  4  5  6  7  8  9 10 11 12 |
---------------+-------------------------------------+-----
Dodging        | 2 3 4 5 6 7 8 |  8.3
Short Blades   | 1 2 3 4 5 |  5.7
Stealth        | 2 3 4 |  4.8
Ice Magic      | 5 6 7 8 9 10 11 | 11.4
Spellcasting   | 3 4 5 6 7 8 9 11 | 11.1
Fighting       | 1 2 3 4 5 |  5.3
Conjurations   | 1 2 3 |  3.9
Earth Magic    | 1 2 3 |  3.0
Shields        | 3 |  3.6
Long Blades    | 4 5 |  5.4
Poison Magic   | 1 |  1.2
Fire Magic     | |  0.3

Action                   |  1- 3 |  4- 6 |  7- 9 | 10-12 || total
-------------------------+-------+-------+-------+-------++-------
Melee: Short sword       |    90 |    74 |    10 |       ||   174
       Unarmed           |     1 |       |       |       ||     1
       Tailslap          |    11 |     9 |   144 |    91 ||   255
       Punch             |       |     2 |    16 |    10 ||    28
       Dagger            |       |       |   621 |   181 ||   802
       Long sword        |       |       |       |   288 ||   288
       Shillelagh        |       |       |       |     8 ||     8
 Cast: Freeze            |    26 |    38 |    45 |    64 ||   173
       Frozen Ramparts   |       |     1 |    11 |    56 ||    68
       Ozocubu's Armour  |       |     1 |    13 |    25 ||    39
       Foxfire           |       |       |    26 |       ||    26
       Stone Arrow       |       |       |       |    69 ||    69
       Hailstorm         |       |       |       |    17 ||    17
       Conjure Flame     |       |       |       |     1 ||     1
       Mephitic Cloud    |       |       |       |     5 ||     5
  Use: Potion            |       |       |     3 |     7 ||    10
       Scroll            |       |       |     1 |    11 ||    12
 Stab: Sleeping          |     1 |     4 |    10 |     1 ||    16
       Distracted        |       |     1 |       |     1 ||     2
Armor: Skin              |    40 |    33 |   505 |   341 ||   919
Dodge: Dodged            |   100 |    71 |   689 |   371 ||  1231
Block: Other             |       |       |       |   144 ||   144
       Reflection        |       |       |       |     5 ||     5
